 Dungeon Crawl Stone Soup version 0.26.1-11-gd32895ea62 (webtiles) character file.

Game seed: 13703552013299927400

46 H0rd4k the Insei (level 3, 0/23 HPs)
             Began as an Octopode Transmuter on May 7, 2021.
             Slain by an orc
             ... wielding a +0 club
              (5 damage)
             ... on level 4 of the Dungeon.
             The game lasted 00:02:04 (2197 turns).

H0rd4k the Insei (Octopode Transmuter)              Turns: 2197, Time: 00:02:05

Health: 0/23       AC:  1    Str:  9    XL:     3   Next: 68%
Magic:  6/6        EV: 13    Int: 16    God:
Gold:   121        SH:  0    Dex: 12    Spells: 2/6 levels left

rFire    . . .     SeeInvis .     - Unarmed
rCold    . . .     Faith    .   (no shield)
rNeg     . . .     Spirit   .   (helmet restricted)
rPois    .         Reflect  .   (no amulet)
rElec    .         Harm     .   (no ring)
rCorr    .         Rampage  .   (no ring)
Will     .....                  (no ring)
Stlth    ++........             (no ring)
HPRegen  0.07/turn              (no ring)
MPRegen  0.10/turn              (no ring)
                                (no ring)
                                (no ring)

@: no status effects
A: almost no armour, stealthy swim, amphibious, 8 rings, constrict 8, camouflage
1, gelatinous body 1
a: no special abilities


You were on level 4 of the Dungeon.
You visited 1 branch of the dungeon, and saw 3 of its levels.

You collected 121 gold pieces.

Inventory:

Wands
 f - a wand of paralysis (3)
 l - a wand of acid (4)
Scrolls
 a - a scroll of noise {unknown}
 b - a scroll of blinking {unknown}
 c - 6 scrolls of remove curse {unknown}
 g - a scroll of identify {unknown}
 h - a scroll of immolation {unknown}
 i - a scroll of magic mapping {unknown}
 j - a scroll of enchant weapon {unknown}
Potions
 d - 2 potions of brilliance {unknown}
 e - a potion of curing {unknown}
 k - a potion of berserk rage {unknown}
 m - a potion of ambrosia {unknown}


   Skills:
 + Level 1.1 Fighting
 + Level 2.5 Dodging
 - Level 0.2 Stealth
 + Level 3.5 Unarmed Combat
 * Level 2.2 Spellcasting
 * Level 2.3 Transmutations
 * Level 0.9 Poison Magic


You had 2 spell levels left.
You knew the following spells:

 Your Spells              Type           Power        Failure   Level
a - Beastly Appendage     Tmut           18%          8%          1
b - Spider Form           Tmut/Pois      3%           30%         3

Your spell library contained the following spells:

 Spells                   Type           Power        Failure   Level
 Wereblood                Tmut           9%           12%         2
 Ice Form                 Ice/Tmut       5%           77%         4
 Blade Hands              Tmut           4%           91%         5


Dungeon Overview and Level Annotations

Branches:
Dungeon (2/15)

Altars:
Fedhas
Kikubaaqudgha

Annotations:
D:2 exclusion: adder


Innate Abilities, Weirdness & Mutations

You cannot wear most types of armour.
You are very stealthy in the water. (Stealth+)
You are amphibious.
You can wear up to eight rings at the same time.
You can use your tentacles to constrict eight enemies at once.
Your skin changes colour to match your surroundings (Stealth+).
Your rubbery body absorbs attacks. (AC +1, EV +1)


Message History

2 orcs and an orc wizard come into view.
The orc shouts! x2
The orc hits you with a +1 falchion of distortion!
You tentacle-slap the orc. Your grab misses the orc.
The orc is almost dead.
The orc wizard casts a spell at itself.
The orc wizard flickers and vanishes!
Deactivating autopickup; reactivate with Ctrl-A.
The orc hits you with a +0 club. The orc barely misses you.
You tentacle-slap the orc.
You kill the orc!
The orc barely misses you.
You hear some strange, mumbled words.
A magic dart appears from out of thin air!
The magic dart hits you!
* * * LOW HITPOINT WARNING * * *
Things that are here:
a +1 falchion of distortion; an orc corpse The orc hits you with a +0 club.
You die...

###....## ####
###..# ###..#
##.###....#
#..#.....#
##....>..#
##........# #
#.........# #####.#
#..........###oo...#
#............@){#
########..#######
####


You could see 2 orcs.

Vanquished Creatures
  A dart slug (D:1)
  A leopard gecko (D:1)
  An orc (D:4)
  3 bats
  5 giant cockroaches
  5 goblins
  4 hobgoblins
  10 kobolds
  3 ball pythons (D:2)
  3 frilled lizards
  3 rats
39 creatures vanquished.

Vanquished Creatures (others)
  A plant (D:2)
1 creature vanquished.

Grand Total: 40 creatures vanquished

Notes
Turn   | Place    | Note
-------+----------+-------------------------------------------
     0 | D:1      | H0rd4k the Octopode Transmuter began the quest for the Orb.
     0 | D:1      | Reached XP level 1. HP: 13/13 MP: 3/3
   272 | D:1      | Reached XP level 2. HP: 6/18 MP: 5/5
  1007 | D:1      | Reached XP level 3. HP: 23/23 MP: 6/6
  1011 | D:1      | Learned a level 3 spell: Spider Form
  1534 | D:2      | Found a blossoming altar of Fedhas.
  1778 | D:2      | Found an ancient bone altar of Kikubaaqudgha.
  2144 | D:2      | You fall into a shaft and drop 2 floors!
  2197 | D:4      | Slain by an orc

Illustrated notes

Levels and vault maps discovered:
D:1:      lemuel_arrival_room, layout_rooms, kennysheep_another_room,
          minmay_pentomino_w2
D:2:      layout_loops_corners, kiku_gazebo_pond_becter, fedhas_ov_isle_minmay,
          st_stairs_13
D:4:      layout_cave_pods, lemuel_doored_altar, marbit_many_paths,
          minmay_temple_entry_statues, uniq_crazy_yiuf_cottage

Action                   || total
-------------------------++-------
Melee: Unarmed           ||    99
       Constrict         ||    25
       Tentacles         ||    15
       Punch             ||     4
 Stab: Sleeping          ||     4
Armor: Skin              ||     8
Dodge: Dodged            ||    52
